 Dungeon Crawl Stone Soup version 0.16-a0-3667-g690a316 (webtiles) character file.

252 Vlagh999 the Ruffian (level 5, -12/61 HPs)
             Began as a Bearkin Fighter on July 28, 2015.
             Mangled by Vlagh999's ghost (15 damage)
             ... on level 4 of the Dungeon.
             The game lasted 00:06:33 (2795 turns).

Vlagh999 the Ruffian (Bearkin Fighter)              Turns: 2795, Time: 00:06:33

Health: -12/61     AC:  8    Str: 27    XL:     5   Next: 89%
Magic:  5/5        EV:  7    Int:  7    God:
Gold:   182        SH:  9    Dex: 10    Spells: 0 memorised, 4 levels left

rFire  . . .     SeeInvis .       - Unarmed
rCold  . . .     Clarity  .     o - +1 scale mail
rNeg   . . .     SustAb   .     c - +0 shield
rPois  .         Gourm    .     (no helmet)
rElec  .         Spirit   .     (no cloak)
rCorr  .         Warding  .     (no gloves)
rMut   +         Stasis   .     (no boots)
MR     .....                    q - amulet of resist mutation
Stlth  ..........               (no ring)
                                v - ring of flight

@: berserking, very quick, not resistant to hostile enchantments, extremely
unstealthy
A: claws 1, fangs 1, shaggy fur 1, hind claws 1, cornered berserk
a: Cornered Berserk, Evoke Flight


You were on level 4 of the Dungeon.
You were not hungry.

You visited 1 branch of the dungeon, and saw 4 of its levels.

You collected 182 gold pieces.

Inventory:

Missiles
 d - 3 javelins (quivered)
 m - 7 poisoned needles
Armour
 c - a +0 shield (worn)
 o - a +1 scale mail (worn)
Jewellery
 q - an amulet of resist mutation (around neck)
 v - a ring of flight (left claw)
Magical devices
 h - a wand of enslavement (11)
Scrolls
 g - 2 scrolls of enchant armour
 j - 6 scrolls of remove curse
 s - a scroll of teleportation
 u - a scroll of identify
Potions
 b - a potion of resistance
 e - a potion of poison {unknown}
 k - 3 potions of curing {unknown}
 n - a potion of brilliance {unknown}
 r - a potion of restore abilities {unknown}
Comestibles
 a - 2 bread rations
 i - 2 beef jerkies
 l - a meat ration
 t - 2 chunks of flesh


   Skills:
 * Level 3.0 Fighting
 * Level 2.0 Armour
 * Level 2.1 Shields
 + Level 6.2 Unarmed Combat


You had 4 spell levels left.
You didn't know any spells.

Dungeon Overview and Level Annotations

Branches:
Dungeon (4/15)
 Temple: D:4-7

Altars:
Cheibriados

Annotations:
D:4 Vlagh999's ghost, average BeFi


Innate Abilities, Weirdness & Mutations

You have sharp fingernails.
You have very sharp teeth.
You are covered in fur (AC +1).
Your hind legs have claws.
You can berserk when greatly wounded.


Message History

You block Vlagh999's ghost's attack. Vlagh999's ghost barely misses you.
You barely miss Vlagh999's ghost.
Vlagh999's ghost is moderately damaged.
Vlagh999's ghost hits you!
* * * LOW HITPOINT WARNING * * *
Use which ability? (? or * to list)
A red film seems to cover your vision as you go berserk!
You feel yourself moving faster!
You feel mighty! Vlagh999's ghost hits you.
* * * LOW HITPOINT WARNING * * *
You scratch Vlagh999's ghost but do no damage.
You claw Vlagh999's ghost!
Vlagh999's ghost is heavily damaged.
You barely miss Vlagh999's ghost. You claw Vlagh999's ghost.
Vlagh999's ghost is severely damaged.
You block Vlagh999's ghost's attack.
You scratch Vlagh999's ghost.
Your hind claws misses Vlagh999's ghost.
Vlagh999's ghost is severely damaged.
Vlagh999's ghost hits you!
You die...

..# #.
..#.##
...... ....
...# #$.
#W# #@#
#.###'###.#
#.....<...#
###.....###
#.......#
#.........#
+.........+
#.........#
#.......##


You could see Vlagh999's ghost.

Vanquished Creatures
  The ghost of Vlagh999 the Ruffian, an average BeGl (D:3)
  An orc priest (D:3)
  Jessica (D:2)
  4 adders
  3 worms (D:2)
  3 orcs (D:3)
  6 bats
  2 giant cockroaches (D:1)
  12 goblins
  5 hobgoblins
  16 jackals
  2 quokkas
  2 giant geckos (D:2)
  A giant newt (D:1)
  6 kobolds
  9 rats
74 creatures vanquished.

Notes
Turn   | Place    | Note
--------------------------------------------------------------
     0 | D:1      | Vlagh999, the Bearkin Fighter, began the quest for the Orb.
     0 | D:1      | Reached XP level 1. HP: 18/18 MP: 1/1
   164 | D:1      | Reached XP level 2. HP: 22/24 MP: 2/2
   928 | D:2      | Reached XP level 3. HP: 29/29 MP: 3/3
  1096 | D:2      | Reached skill level 4 in Unarmed Combat
  1461 | D:2      | Noticed Jessica
  1476 | D:2      | Killed Jessica
  1476 | D:2      | Gained mutation: You have very sharp teeth. [bearkin transformation]
  1476 | D:2      | Reached XP level 4. HP: 16/35 MP: 4/4
  1995 | D:3      | Reached skill level 5 in Unarmed Combat
  2305 | D:3      | Noticed Vlagh999's ghost (average BeGl)
  2310 | D:3      | Killed Vlagh999's ghost
  2310 | D:3      | Reached XP level 5. HP: 36/41 MP: 5/5
  2345 | D:3      | Reached skill level 6 in Unarmed Combat
  2429 | D:3      | Found a snail-covered altar of Cheibriados.
  2781 | D:4      | Noticed Vlagh999's ghost (average BeFi)
  2792 | D:4      | HP: 2/61 [Vlagh999's ghost (4)]
  2795 | D:4      | Mangled by Vlagh999's ghost

Action                   |  1- 3 |  4- 6 || total
-------------------------+-------+-------++-------
Melee: Unarmed           |   141 |   104 ||   245
Throw: Javelin           |     6 |       ||     6
 Abil: Cornered Berserk  |     1 |     1 ||     2
  Use: Scroll            |     5 |     2 ||     7
       Potion            |       |     1 ||     1
  Eat: Chunk             |     2 |     5 ||     7
